Kradschützen Motorcycle Team
Selects Panzerjäger Kommand Battlegroup
Construct Light Support Kompanie
Selects Defensive Positions
Construct Mechanized Kompanie
Marder III Tank Destroyer
Selects Defensive Positions
Construct Panzerarmee Kommand
Selects Butterfly Bomb Drop
Walking Stuka Rocket Launcher
Flak 36 Anti-tank Gun Team
le.IG 18 Support Gun Team
Selects Crew Shock Tactics
Selects Elefant Tank Destroyer
Walking Stuka Rocket Launcher
Walking Stuka Rocket Launcher